 Dungeon Crawl Stone Soup version 0.27-a0-1587-g5a1362a (webtiles) character file.

Game seed: 5570543152848228424

271 Think the Cutter (level 6, -17/63 HPs)
             Began as an Octopode Fighter on July 18, 2021.
             Was a Believer of Sif Muna.
             Killed by an exploding mummy (26 damage)
             ... ignited by their inner flame
             ... in an ossuary.
             The game lasted 00:06:58 (4227 turns).

Think the Cutter (Octopode Fighter)                 Turns: 4227, Time: 00:06:59

Health: -17/63     AC: 23    Str: 15    XL:     6   Next: 23%
Magic:  6/6        EV:  2    Int: 12    God:    Sif Muna [**....]
Gold:   116        SH:  8    Dex: 12    Spells: 5/5 levels left

rFire    . . .     SeeInvis .   g - +1 dagger (elec)
rCold    . . .     Faith    .   b - +0 kite shield
rNeg     + + +     Spirit   .   (helmet currently unavailable)
rPois    +         Reflect  .   (no amulet)
rElec    .         Harm     .   (no ring)
rCorr    .         Rampage  .   (no ring)
Will     .....     Rnd*Rage +   (no ring) Stlth +.........NoTele +
                                (no ring)
HPRegen  0.20/turn              (no ring)
MPRegen  0.10/turn              (no ring)
                                (no ring)
                                (no ring)

@: tree-form
A: stationary, stasis, torment immunity, boosted hp, almost no armour,
(amphibious), 8 rings, (camouflage 1), (gelatinous body 1), (nimble swimmer 1),
(tentacles), berserk 1, MP-powered wands
a: Renounce Religion, Channel Magic


You were in an ossuary.
You worshipped Sif Muna.
Sif Muna was pleased with you.
You were a tree.
You visited 1 branch of the dungeon, and saw 4 of its levels.
You also visited: Ossuary.

You collected 116 gold pieces.

Inventory:

Hand Weapons
 a - a +0 rapier
 g - a +1 dagger of electrocution (weapon)
Armour
 b - a +0 kite shield (worn)
Jewellery
 e - a ring of willpower
Wands
 c - a wand of iceblast (18)
Scrolls
 d - a scroll of torment
 i - 2 scrolls of identify
Potions
 f - a potion of attraction


   Skills:
 - Level 3.1 Fighting
 + Level 5.7 Short Blades
 - Level 3.1 Dodging
 - Level 3.2 Shields
 + Level 1.9 Evocations


You had 5 spell levels left.
You didn't know any spells.
Your spell library contained the following spells:

 Spells                   Type           Power      Damage    Failure   Level
 Static Discharge         Conj/Air       0%         N/A       92%         2
 Lightning Bolt           Conj/Air       0%         1d11      100%        5
 Dispersal                Tloc           0%         N/A       100%        6
 Disjunction              Tloc           0%         N/A       100%        8
 Maxwell's Capacitive Co  Air            0%         ∞         100%        8


Dungeon Overview and Level Annotations

Branches:
Dungeon (4/15)            Ossuary (1/1)
 Temple: D:4-7

Altars:
Sif Muna
Xom


Innate Abilities, Weirdness & Mutations

You are a tree.
Your roots penetrate the ground, keeping you stationary.
You cannot be teleported.
You are immune to unholy pain and torment.
Your maximum health is greatly increased.
You cannot wear most types of armour.
((You are amphibious.))
You can wear up to eight rings at the same time.
((Your skin changes colour to match your surroundings (Stealth+).))
((Your rubbery body absorbs attacks. (AC +1, EV +1)))
((You are camouflaged near water. (Stealth+)))
((You have tentacles for arms and can constrict up to eight enemies at once.))
You tend to lose your temper in combat.
You expend magic power (3 MP) to strengthen your wands.


Message History

The mummy is lightly damaged.
You constrict the mummy. The mummy hits you! You block the mummy's attack.
You hit the mummy.
The mummy is moderately damaged.
You constrict the mummy. The mummy closely misses you.
You hit the mummy.
The mummy is severely damaged.
You constrict the mummy. The mummy barely misses you.
You block the mummy's attack. The mummy closely misses you.
You hit the mummy. Your squeeze misses the mummy.
The mummy is almost destroyed.
You constrict the mummy.
You destroy the mummy!
Sif Muna accepts your kill. The mummy hits you! You block the mummy's attack.
There is an empty arch of ancient stone here.
Your shield prevents you from hitting the mummy.
You grab the mummy. You squeeze the mummy!
The mummy is heavily damaged.
You constrict the mummy. The mummy barely misses you.
You hit the mummy.
The mummy is severely damaged.
You constrict the mummy. You block the mummy's attack.
You hit the mummy but do no damage.
The mummy is almost destroyed.
You constrict the mummy. The mummy barely misses you. The mummy hits you!
* * * LOW HITPOINT WARNING * * *
It was a potion of lignification.
You turn into a tree.
Your roots penetrate the ground.
You lose your grip on the mummy.
Okay, then.
As you read the scroll labelled ITZUNWE LOLEMO, it crumbles to dust.
The creatures around you are filled with an inner flame!
It was a scroll of immolation.
You block the mummy's attack. The mummy barely misses you.
You hit the mummy. Sif Muna accepts your kill.
The mummy explodes!
The fiery explosion engulfs you!!
You die...

#######
#.#.#.#
#.....#
#§..#
#§♣M#
#§§.#
#.∩.#
#...#
##+##


You could see a mummy (inner flame).

Vanquished Creatures
  A phantom (D:3)
  Terence (D:3)
  Ijyb (D:3)
  2 mummies (Ossuary)
  3 gnolls (D:3)
  4 adders
  3 worms (D:2)
  2 dart slugs
  2 orcs
  5 endoplasms
  2 giant cockroaches
  A goblin (D:3)
  5 hobgoblins
  7 jackals (D:2)
  4 kobolds
  3 quokkas
  3 ball pythons
  A bat (D:2)
  A frilled lizard (D:1)
  7 rats
58 creatures vanquished.

Notes
Turn   | Place    | Note
-------+----------+-------------------------------------------
     0 | D:1      | Think the Octopode Fighter began the quest for the Orb.
     0 | D:1      | Reached XP level 1. HP: 16/16 MP: 1/1
   293 | D:1      | Reached XP level 2. HP: 21/21 MP: 2/2
   921 | D:1      | Found a faded altar of an unknown god.
   936 | D:1      | Became a worshipper of Sif Muna the Loreminder
   936 | D:1      | Reached * piety under Sif Muna
  1294 | D:2      | Found a shimmering altar of Xom.
  1360 | D:2      | Reached skill level 3 in Short Blades
  1360 | D:2      | Reached XP level 3. HP: 23/26 MP: 3/3
  1998 | D:2      | Reached XP level 4. HP: 31/31 MP: 4/4
  2484 | D:3      | Noticed Ijyb
  2486 | D:3      | Reached ** piety under Sif Muna
  2822 | D:3      | Noticed Terence
  2823 | D:3      | Noticed a phantom
  2833 | D:3      | Killed Terence
  2834 | D:3      | Reached skill level 4 in Short Blades
  2856 | D:3      | Killed a phantom
  2857 | D:3      | Reached skill level 5 in Short Blades
  2857 | D:3      | Reached XP level 5. HP: 14/36 MP: 5/5
  3475 | D:3      | Reached skill level 1 in Evocations
  3789 | D:3      | Reached XP level 6. HP: 42/42 MP: 6/6
  3814 | D:3      | Killed Ijyb
  4154 | D:4      | Found a sand-covered staircase.
  4210 | Ossuary  | Entered an ossuary
  4214 | Ossuary  | Gained mutation: You tend to lose your temper in combat.
                  | [potion of mutation]
  4214 | Ossuary  | Gained mutation: You expend magic power (3 MP) to
                  | strengthen your wands. [potion of mutation]
  4227 | Ossuary  | Killed by an exploding mummy... ignited by their inner
                  | flame

Illustrated notes

Levels and vault maps discovered:
D:1:      matt_arrival_refuge, layout_basic, dreamdust_ecumenical_altar_statues
D:2:      layout_basic, basic_altar, kennysheep_another_room
D:3:      layout_basic, uniq_terence, uniq_ijyb
D:4:      layout_basic, lightli_ossuary_entry_decrepit_ruins
Ossuary:  ossuary_minmay_chase

Skill      XL: |  1  2  3  4  5 |
---------------+----------------+-----
Short Blades   | 3 5 |  5.7
Evocations     | 1 |  1.9
Fighting       | |  3.1
Dodging        | |  3.1
Shields        | |  3.2

Action                   |  1- 3 |  4- 6 || total
-------------------------+-------+-------++-------
Melee: Rapier            |    59 |    56 ||   115
       Constrict         |    13 |    14 ||    27
       Tentacles         |    10 |    13 ||    23
       Dagger            |       |    13 ||    13
Evoke: Wand              |       |     4 ||     4
  Use: Potion            |     1 |     3 ||     4
       Scroll            |     1 |     4 ||     5
 Stab: Sleeping          |     6 |     4 ||    10
Armor: Skin              |     1 |     1 ||     2
Dodge: Dodged            |    23 |    26 ||    49
Block: Kite shield       |    18 |    28 ||    46

Table legend: (Time is in decaauts)
 A = Elapsed time spent in this place.
 B = Non-inter-level travel time spent in this place.
 C = Inter-level travel time spent in this place.
 D = Time resting spent in this place.
 E = Time spent auto-exploring this place.
 F = Levels seen in this place.
 G = Mean time per level.
                   A        B        C        D        E       F      G
               +--------+--------+--------+--------+--------+-----+--------+
         Total |   4257 |   4126 |    131 |   1120 |   2464 |   5 |  851.4 |
       Dungeon |   4240 |   4109 |    131 |   1120 |   2464 |   4 | 1060.0 |
       Ossuary |     16 |     16 |      0 |      0 |      0 |   1 |   16.0 |
               +--------+--------+--------+--------+--------+-----+--------+

Top non-repeatable levels by time:
     D:2: 1659 daAuts
     D:1: 1175 daAuts
     D:3: 1156 daAuts
     D:4: 249 daAuts
 Ossuary: 16 daAuts
